 Adventure DCSS version bcrawl-1.21.3-2-g9d8a61a446 (webtiles) character file.

Game seed: 16838484481351685640

65 Caerthir the Covered (level 3, -10/33 HPs)
             Began as a Minotaur Fighter on Apr 13, 2020.
             Mangled by an orc warrior
             ... wielding a +0 glaive
              (14 damage)
             ... on level 3 of the Dungeon.
             The game lasted 00:04:19 (2121 turns).

Caerthir the Covered (Minotaur Fighter)             Turns: 2121, Time: 00:04:20

Health: -10/33     AC:  7    Str: 20 (21) XL:     3   Next: 92%
Magic:  2/2        EV:  7    Int:  4 (5)  God:
Gold:   136        SH:  9    Dex:  8 (10) Spells: 2/2 levels left
                                        Lives:  0   Deaths: 2

rFire    . . .     SeeInvis .   a - +0 flail
rCold    . . .     Gourm    .   c - +0 medium shield
rNeg     . . .     Faith    .   b - +0 scale mail
rPois    .         Spirit   .   (helmet restricted)
rElec    .         Reflect  .   (no cloak)
rCorr    .         Harm     .   (no gloves)
MR       .....                  (no boots)
Stlth    ..........             (no amulet)
HPRegen  0.11/turn              (no ring)
MPRegen  0.08/turn              (no ring)

@: very slightly contaminated, invisible
A: retaliatory headbutt, horns 2
a: no special abilities


You were on level 3 of the Dungeon.
You were not hungry.

You visited 1 branch of the dungeon, and saw 3 of its levels.

You collected 136 gold pieces.

Inventory:

Hand Weapons
 a - a +0 flail (weapon)
 l - a +0 whip
Armour
 b - a +0 scale mail (worn)
 c - a +0 medium shield (worn)
Jewellery
 h - a +3 ring of intelligence
Scrolls
 f - 3 scrolls of identify
 j - a scroll of teleportation
 k - a scroll of magic mapping {unknown}
 m - a scroll of enchant weapon {unknown}
Comestibles
 e - 6 rations {!d}


   Skills:
 + Level 4.2 Fighting
 + Level 3.9 Maces & Flails
 + Level 5.2 Armour
 + Level 0.4 Dodging
 + Level 0.7 Stealth
 + Level 4.3 Shields


You had 2 spell levels left.
You didn't know any spells.
Your spell library was empty.

Dungeon Overview and Level Annotations

Branches:
Dungeon (3/12)

Altars:
Nemelex Xobeh
Ru
Yredelemnul


Innate Abilities, Weirdness & Mutations

You reflexively headbutt those who attack you in melee.
You have a pair of horns on your head.


Message History

The orc warrior is lightly wounded.
The orc warrior hits you with a +0 glaive.
* * * LOW HITPOINT WARNING * * *
You sock the orc warrior!
The orc warrior is moderately wounded.
You block the orc warrior's attack.
You barely miss the orc warrior. Your headbutt misses the orc warrior.
The orc warrior is moderately wounded.
You block the orc warrior's attack.
Your shield and scale mail prevent you from hitting the orc warrior.
The orc warrior is moderately wounded.
The orc warrior hits you with a +0 glaive.
* * * LOW HITPOINT WARNING * * *
You hit the orc warrior but do no damage.
The orc warrior is moderately wounded.
You block the orc warrior's attack.
You closely miss the orc warrior.
The orc warrior is moderately wounded.
The orc warrior hits you with a +0 glaive!
You die...

...o# #.### ##.....## .##.#
#.#.## ##.......## #
..#.########....####.........####
.........o.........'.........'...
....########o...####.........####
.#..# #.#.## ##.......## # ....#
#.##### ##.....## .#### #...o.#
##..<## .###### #.###@#
##'####### . #^#^## #.# #.#
#.......#
#^^^^#####.###.#######.#####.#
#_...'.................## #.#
#^^^^##..###.#..#####...####.#
#.#.####.# #.#..#..........#.#
##### #.# #.#..#.###...##.#.# #.#
#......# #........## #.#
###..#####.####....)


You could see an orc warrior.

Vanquished Creatures
  A scorpion (D:3)
  A bullfrog skeleton (D:3)
  3 adders (D:3)
  4 worms
  A dart slug (D:2)
  A leopard gecko (D:2)
  An orc (D:2)
  3 giant cockroaches
  2 goblins (D:2)
  6 hobgoblins
  6 jackals (D:3)
  7 kobolds
  A quokka (D:3)
  4 bats
  5 rats
  A spectral orc (D:3)
47 creatures vanquished.

Notes
Turn   | Place    | Note
-------+----------+-------------------------------------------
     0 | D:1      | Caerthir the Minotaur Fighter began the quest for the Orb.
     0 | D:1      | Reached XP level 1. HP: 19/19 MP: 0/0
   149 | D:1      | Reached skill level 4 in Armour
   185 | D:1      | Reached XP level 2. HP: 27/27 MP: 1/1
   686 | D:2      | Reached XP level 3. HP: 28/33 MP: 2/2
   936 | D:2      | Found a sacrificial altar of Ru.
  1076 | D:2      | Found a sparkling altar of Nemelex Xobeh.
  1254 | D:3      | Found a basalt altar of Yredelemnul.
  1282 | D:3      | Noticed an orc warrior
  1295 | D:3      | Slain by an orc warrior
  1296 | D:3      | Reached XP level 2. HP: -3/27 MP: 1/1
  1383 | D:3      | Noticed a scorpion
  1404 | D:3      | Killed a scorpion
  1404 | D:3      | Reached skill level 5 in Armour
  1404 | D:3      | Reached XP level 3. HP: 4/33 MP: 2/2
  1404 | D:3      | Reached XP level 4. HP: 5/40 MP: 3/3
  1405 | D:3      | HP: 2/40 [poisoned by a scorpion]
  1996 | D:3      | Mangled by an orc warrior
  1997 | D:3      | Reached XP level 3. HP: -9/33 MP: 2/2
  2121 | D:3      | Mangled by an orc warrior

Skill      XL: |  1  2  3 |
---------------+----------+-----
Armour         | 4 5 |  5.2
Fighting       | 4 |  4.2
Maces & Flails | 3 |  3.9
Shields        | 4 |  4.3
Dodging        | |  0.4
Stealth        | |  0.7

Action                   |  1- 3 |  4- 6 || total
-------------------------+-------+-------++-------
Melee: Flail             |    94 |    55 ||   149
       Headbutt          |    18 |    11 ||    29
  Use: Potion            |     4 |       ||     4
       Scroll            |     4 |       ||     4
 Stab: Invisible         |     1 |       ||     1
  Eat: Chunk             |     1 |       ||     1
Armor: Scale mail        |    31 |    17 ||    48
Dodge: Dodged            |    25 |    14 ||    39
Block: Medium shield     |    44 |    31 ||    75
